 Dungeon Crawl Stone Soup version 0.32-a0-938-g40ac7a0f4d (webtiles) character file.

Game seed: 933953805765411042

2524 mopl the Grappler (level 9, -6/60 HPs)
             Began as a Djinni Shapeshifter on Apr 15, 2024.
             Was a Believer of Uskayaw.
             Mangled by a warg (18 damage)
             ... on level 8 of the Dungeon.
             The game lasted 00:08:09 (6301 turns).

mopl the Grappler (Djinni Shapeshifter)             Turns: 6301, Time: 00:08:09

Health: -6/60      AC:  6    Str: 17    XL:     9   Next: 84%
Gold:   454        EV: 11    Int: 13    God:    Uskayaw [**....] SH:  0 Dex: 12

rFire   + +          .
                       - Unarmed
rCold   x . .        (no shield)
rNeg    + . .        r - +0 robe {Will+}
rPois   ∞            (helmet currently unavailable)
rElec   .            (cloak currently unavailable)
rCorr   .            (gloves currently unavailable)
SInv    .            (boots unavailable)
Will    +....        (no amulet)
Stlth   +            k - +4 ring of protection
HPRegen 0.30/turn    w - ring of positive energy

%: infuse magic (-7 HP)
@: beast-form, flying
A: beast (slay +3), flying, sickness immunity, fire resistance 2, cold
vulnerability 1, float, innate caster, HP casting, extra vitality 1
a: Begin Untransformation, Renounce Religion, Stomp, Line Pass


You were on level 8 of the Dungeon.
You worshipped Uskayaw.
Uskayaw was noncommittal.
You were a hulking beast.
You visited 2 branches of the dungeon, and saw 9 of its levels.

You collected 460 gold pieces.
You spent 6 gold pieces at shops.

Inventory:

Hand Weapons
 t - a +2 dagger of draining
Missiles
 a - 3 atropa-tipped darts
 e - 8 poisoned darts (quivered)
 p - 9 boomerangs
 z - 3 curare-tipped darts
Armour
 f - a +2 cloak
 l - a +0 plate armour
 r - a +0 robe of willpower (worn)
 G - a +0 chain mail
Jewellery
 k - a +4 ring of protection (left hand)
 w - a ring of positive energy (right hand)
 K - a ring of see invisible
Talismans
 c - a beast talisman (active)
 d - a flux talisman
 y - a blade talisman
Wands
 u - a wand of warping (10)
 H - a wand of charming (10)
 I - a wand of flame (40)
Scrolls
 g - a scroll of noise {unknown}
 h - a scroll of identify
 n - a scroll of enchant weapon {unknown}
 o - a scroll of enchant armour {unknown}
 q - 6 scrolls of teleportation
 s - a scroll of brand weapon {unknown}
 v - 2 scrolls of amnesia {unknown}
 A - a scroll of revelation {unknown}
 E - a scroll of acquirement {unknown}
 F - 2 scrolls of vulnerability {unknown}
 J - a scroll of fear {unknown}
Potions
 b - a potion of lignification {!q}
 i - a potion of attraction
 j - 3 potions of curing {unknown}
 m - a potion of enlightenment
 x - 2 potions of heal wounds
 B - 2 potions of haste
 C - 2 potions of resistance
 D - a potion of might


   Skills:
 + Level 3.1 Fighting
 - Level 2.1 Dodging
 + Level 8.2 Unarmed Combat
 + Level 5.7 Invocations
 + Level 6.9 Shapeshifting


You knew the following spells:

 Your Spells              Type           Power      Damage    Failure   Level
a - Magic Dart            Conj           0%         1d3       30%         1
b - Scorch                Fire           0%         2d5       43%         2
c - Dazzling Flash        Conj/Hex       0%         N/A       67%         3
d - Iskenderun's Mystic Conj/Tloc 0%             2d3        (+2d1     97%         4
Your spell library was empty.

Dungeon Overview and Level Annotations

Branches:
Dungeon (8/15)             Temple (1/1) D:4
   Lair: D:8-11

Altars:
Ashenzari
Cheibriados
Dithmenos
Elyvilon
Fedhas
Gozag
Hepliaklqana
Makhleb
Nemelex Xobeh
Qazlal
Uskayaw
Xom
Yredelemnul
The Shining One

Shops:
D:4 (   D:5 *   D:7 ?

Annotations:
D:8 2 runed translucent doors


Innate Abilities, Weirdness & Mutations

You are a hulking beast.
Your limbs bulge with bestial killing power. (Slay +3)
You are flying.
You are immune to sickness and miasma.
You are immune to poison.
Your flesh is very heat resistant. (rF++)
You are vulnerable to cold. (rC-)
You float through the air rather than walking.
You learn spells naturally, not from books.
Your magical power is your life essence.
You have superior vitality. (+4 MHP)


Message History

No target in view!
You now have 454 gold pieces (gained 14).
You see here a +0 dagger.
Things that are here:
a +0 club; a +0 leather armour An orc wizard comes into view.
It is wielding a +0 dagger.
A wolf comes into view.
You can no longer pass through a line of other dancers.
The wolf howls!
You hear a howl!
The wolf bites you but does no damage. The wolf closely misses you.
You barely miss the wolf. The wolf bites you!
A warg comes into view.
The warg howls!
You hear a shout!
The wolf barely misses you. The wolf bites you.
You punch the wolf!
The wolf is heavily wounded.
The wolf misses you.
You hit the wolf.
The wolf is severely wounded.
The wolf barely misses you. The wolf bites you but does no damage.
The warg bites you.
You miss the wolf.
The wolf is severely wounded.
The wolf bites you. The warg closely misses you.
You barely miss the wolf.
The wolf is severely wounded.
The wolf barely misses you. The warg bites you! The wolf bites you.
You are too injured to fight recklessly!
You hit the wolf. You punch the wolf.
The wolf is almost dead.
The warg bites you!
* * * LOW HITPOINT WARNING * * *
The wolf bites you but does no damage. The warg bites you.
* * * LOW HITPOINT WARNING * * *
You can now pass through a line of other dancers.
You hit the wolf.
You kill the wolf!
The warg bites you!!
You die...
Your body falls in perfect tune with the rhythm.

######...................+..
#.?......................+.
#........................#
.......>...#............
#.......o##.......... ####
#...†....##......... ....
#........##........# ...
###........†##.##....##.#
#..........hh..#........#
####.........))...........#
########....##>...........#
##.....#....#.............#
##.≈≈≈.##.......#.##.##...#
##...§.'....##....#### ...#
##._.≈.'....##.....###....#
##...§.'....#.......#.....#
##.≈≈≈.#...#.(......#.....#


You could see a warg and an orc wizard.

Vanquished Creatures
  Eustachio (D:5)
  A steam dragon (D:8)
  3 water moccasins
  A black bear (D:6)
  A sky beast (D:6)
  An ogre (D:5)
  2 wolves (D:8)
  2 phantoms
  A bullfrog (D:7)
  A kobold brigand (D:6)
  3 scorpions
  3 killer bees (D:7)
  2 vampire bats (D:3)
  A howler monkey (D:8)
  A bombardier beetle (D:5)
  7 orc priests
  2 jellies (D:6)
  A gnoll bouda (D:6)
  4 hounds
  A sleepcap (D:4)
  2 iguanas (D:5)
  5 orc wizards
  3 gnolls (D:6)
  3 adders (D:6)
  A shadow imp (D:5)
  3 white imps
  4 ufetubi
  3 dart slugs
  28 orcs
  8 bats
  A bat skeleton (D:3)
  4 bat zombies (D:3)
  8 endoplasms
  2 giant cockroaches (D:1)
  7 goblins
  5 hobgoblins
  8 jackals
  9 kobolds
  2 quokkas
  7 ball pythons
  3 frilled lizards
  8 rats
163 creatures vanquished.

Notes
Turn   | Place    | Note
-------+----------+-------------------------------------------
     0 | D:1      | mopl the Djinni Shapeshifter began the quest for the Orb.
     0 | D:1      | Reached XP level 1. HP: 17/17 MP: 0/0
    19 | D:1      | Found a faded altar of an unknown god.
   129 | D:1      | Reached XP level 2. HP: 20/22 MP: 0/0
   196 | D:1      | Reached skill level 3 in Shapeshifting
   394 | D:1      | Reached XP level 3. HP: 26/27 MP: 0/0
   394 | D:1      | Learned a level 1 spell: Magic Dart
  1217 | D:2      | Reached skill level 4 in Unarmed Combat
  1217 | D:2      | Reached XP level 4. HP: 28/32 MP: 0/0
  1506 | D:3      | Reached XP level 5. HP: 37/37 MP: 0/0
  1506 | D:3      | Learned a level 2 spell: Scorch
  1514 | D:3      | Reached skill level 4 in Shapeshifting
  1667 | D:3      | Found a basalt altar of Yredelemnul.
  1706 | D:3      | Found a burning altar of Makhleb.
  1796 | D:4      | Reached skill level 5 in Unarmed Combat
  1796 | D:4      | Reached XP level 6. HP: 18/42 MP: 0/0
  2344 | D:4      | Found a staircase to the Ecumenical Temple.
  2363 | D:4      | Reached XP level 7. HP: 9/47 MP: 0/0
  2363 | D:4      | Learned a level 3 spell: Dazzling Flash
  2372 | Temple   | Entered the Ecumenical Temple
  2538 | Temple   | Became a worshipper of Uskayaw the Reveller
  2591 | D:4      | Found Dexit's Antique Weapon Boutique.
  2763 | D:4      | Reached * piety under Uskayaw
  2902 | D:4      | Reached ** piety under Uskayaw
  2906 | D:4      | Reached *** piety under Uskayaw
  2908 | D:4      | Reached **** piety under Uskayaw
  2909 | D:4      | Reached skill level 1 in Invocations
  3083 | D:5      | Entered Level 5 of the Dungeon
  3220 | D:5      | Reached skill level 5 in Shapeshifting
  3328 | D:5      | Reached skill level 6 in Unarmed Combat
  3328 | D:5      | Reached skill level 2 in Invocations
  3441 | D:5      | Noticed Eustachio
  3459 | D:5      | Killed Eustachio
  3460 | D:5      | Reached XP level 8. HP: 27/52 MP: 0/0
  3901 | D:5      | Reached skill level 3 in Invocations
  3986 | D:5      | Found Gabil's CLEARANCE SALE!.
  3989 | D:5      | Bought a scroll of teleportation for 6 gold pieces
  4471 | D:6      | Reached skill level 7 in Unarmed Combat
  4471 | D:6      | Reached skill level 4 in Invocations
  4471 | D:6      | Reached skill level 6 in Shapeshifting
  4724 | D:6      | Reached XP level 9. HP: 32/57 MP: 0/0
  4724 | D:6      | Learned a level 4 spell: Iskenderun's Mystic Blast
  5529 | D:7      | Reached skill level 5 in Invocations
  5555 | D:7      | Reached skill level 2 in Fighting
  5631 | D:7      | Found a white marble altar of Elyvilon.
  5641 | D:7      | Identified the +0 leather armour of Iridoeq {+Inv Int+4
                  | Slay-3 Stlth-}
  5749 | D:7      | Found Wethawiupu's Magic Scroll Shop.
  5753 | D:7      | Found a glowing golden altar of the Shining One.
  5941 | D:7      | Reached skill level 8 in Unarmed Combat
  6153 | D:8      | Found a runed translucent gate.
  6153 | D:8      | Found a runed translucent gate.
  6247 | D:8      | Found a stormy altar of Qazlal.
  6278 | D:8      | Reached skill level 3 in Fighting
  6301 | D:8      | Mangled by a warg

Illustrated notes

Levels and vault maps discovered:
D:1:      heliophobic_arrival_enchanted_forest, layout_rooms,
          ebering_ecumenical_altar_hall
D:2:      layout_rooms, serial_forest, infiniplex_forest_straight_5,
          infiniplex_forest_zigzag_1, infiniplex_forest_fountain,
          infiniplex_forest_clump_tiny, infiniplex_forest_end_double,
          infiniplex_forest_zigzag_1
D:3:      layout_rooms, mainiacjoe_overflow_chevrons, kennysheep_vampire_church,
          old_standard_altar, hex_medium, minmay_pentomino_pile
D:4:      layout_loops_ring, temple_statues, serial_shops,
          nicolae_shop_overgrown_old_shop
D:5:      layout_basic, nicolae_shop_clearance, uniq_eustachio
D:6:      layout_basic, nicolae_sif_muna_condensation, minmay_fractal_squares_5
D:7:      layout_rooms, elyvilon_altar_5, lemuel_crystal_altar, serial_shops,
          shop
D:8:      layout_cave_pools, mainiacjoe_overflow_alcove_4, zin_purify,
          erik_lair_orcish_takeover, ebering_ghost_rock_garden,
          dk_noncrumbling_2, roderic_serpentine_path
Temple:   cyrus_temple_forest

Skill      XL: |  1  2  3  4  5  6  7  8  9 |
---------------+----------------------------+-----
Shapeshifting  | 3 4 5 6 |  6.9
Unarmed Combat | 4 5 6 7 8 |  8.2
Invocations    | 2 4 5 |  5.7
Fighting       | 3 |  3.1
Dodging        | |  2.1

Action                     |  1- 3 |  4- 6 |  7- 9 || total
---------------------------+-------+-------+-------++-------
  Melee: Unarmed           |   109 |   159 |   345 ||   613
         Punch             |     1 |    10 |    17 ||    28
    Use: Scroll            |       |       |     7 ||     7
         Potion            |       |       |     1 ||     1
   Stab: Paralysed         |       |       |    16 ||    16
 Armour: Animal skin       |    58 |    59 |       ||   117
         Robe              |       |    72 |   252 ||   324
         Skin              |       |       |    16 ||    16
  Dodge: Dodged            |    53 |   146 |   214 ||   413

Table legend: (Time is in decaauts)
 A = Elapsed time spent in this place.
 B = Non-inter-level travel time spent in this place.
 C = Inter-level travel time spent in this place.
 D = Time resting spent in this place.
 E = Time spent auto-exploring this place.
 F = Levels seen in this place.
 G = Mean time per level.
                   A        B        C        D        E       F      G
               +--------+--------+--------+--------+--------+-----+--------+
         Total |   6240 |   6017 |    223 |   1716 |   2938 |   9 |  693.3 |
       Dungeon |   6038 |   5850 |    188 |   1587 |   2938 |   8 |  754.8 |
        Temple |    201 |    166 |     35 |    129 |      0 |   1 |  201.0 |
               +--------+--------+--------+--------+--------+-----+--------+

Top non-repeatable levels by time:
     D:6: 1327 daAuts
     D:5: 1038 daAuts
     D:4: 839 daAuts
     D:3: 817 daAuts
     D:2: 746 daAuts
     D:7: 593 daAuts
     D:1: 459 daAuts
     D:8: 216 daAuts
  Temple: 201 daAuts
